 Dungeon Crawl Stone Soup version 0.14-a0-3329-g86b2fc4 (webtiles) character file.

553652 MrRokkomies the Brawler (level 25, -4/252 (258) HPs)
             Began as a Troll Artificer on Mar 12, 2014.
             Was the Champion of Nemelex Xobeh.
             Killed from afar by a hell knight (12 damage)
             ... with a bolt of fire
             ... on Level 5 of the Crypt on Mar 16, 2014.
             The game lasted 08:19:49 (70435 turns).

MrRokkomies the Brawler (Troll Artificer)          Turns: 70435, Time: 08:19:49

HP  -4/252 (258) AC 23     Str 31      XL: 25   Next: 51%
MP   0/27        EV 15     Int  8      God: Nemelex Xobeh [******]
Gold 3999        SH 46     Dex 13      Spells:  3 memorised, 18 levels left

rFire  + + .     SeeInvis +       - Unarmed
rCold  . . .     Rnd*Rage +     f - +1 fire dragon armour
rNeg   + . .     Conserve .     x - +2 large shield {reflect}
rPois  .         rCorr    .     M - +1 hat {Spirit}
rElec  .         rRot     .     D - +2 cloak {MR+}
SustAb . .       Spirit   +     (gloves unavailable)
rMut   .         Warding  .     (boots unavailable)
Gourm  +         Stasis   .     X - amulet of faith
MR     +....                    F - ring of see invisible
                                l - ring of positive energy

@: very slightly contaminated, hasted, very quick, somewhat resistant to hostile
enchantments, extremely unstealthy
A: unfitting armour, claws 3, thin metallic scales 1, berserk 1, breathe flames
1, carnivore 2, cold resistance 1, fast metabolism 3, gourmand, low mp 1, sense
surroundings 1, regeneration 2, saprovore 2, shaggy fur 2, tough skin 2,
evolution 2
a: Draw One, Peek at Two, Triple Draw, Deal Four, Stack Five, Renounce Religion,
Breathe Fire
}: 2/15 runes: decaying, serpentine


You were on level 5 of the Crypt.
You worshipped Nemelex Xobeh.
Nemelex Xobeh was exalted by your worship.
You were not hungry.

You visited 9 branches of the dungeon, and saw 51 of its levels.
You visited the Abyss 1 time.
You also visited: Sewer, Ossuary, Ice Cave and Volcano.

You collected 5645 gold pieces.
You spent 476 gold pieces at shops.

Inventory:

Missiles
 o - 6 large rocks (quivered)
Armour
 f - a +1 fire dragon armour (worn)
 m - the +3 shield of Repulsion {rN+ MR++}
   (You acquired it on level 13 of the Dungeon)

   It protects you from negative energy.
   It affects your resistance to hostile enchantments.
 x - a +2 large shield of reflection (worn)
 D - a +2 cloak of magic resistance (worn)
 M - a +1 hat of spirit shield (worn)
Magical devices
 c - a wand of invisibility (1)
 g - a wand of fire (0)
 t - a wand of hasting (2)
 H - a wand of teleportation (6)
 K - a wand of cold (3)
 P - a wand of digging (22)
 V - a wand of draining (1)
Comestibles
 a - 5 meat rations
Scrolls
 i - a scroll of immolation
 r - a scroll of vulnerability
 s - a scroll of blinking
 B - 4 scrolls of teleportation
 C - a scroll of enchant weapon I
Jewellery
 l - a ring of positive energy (left claw)
 p - an uncursed ring of positive energy
 w - an uncursed ring of regeneration
 z - an uncursed ring of poison resistance
 F - a ring of see invisible (right claw)
 G - an uncursed ring of protection from cold
 I - an uncursed ring of teleport control
 L - an uncursed amulet of warding
 N - a +5 ring of protection
 T - an uncursed ring of protection from fire
 X - an amulet of faith (around neck)
Potions
 q - 5 potions of curing
 J - a potion of berserk rage
 O - 3 potions of resistance
Miscellaneous
 b - a legendary deck of escape {drawn: 1}
 d - an ornate deck of summonings {drawn: 1}
 e - an ornate deck of escape {drawn: 1}
 h - an ornate deck of escape {drawn: 1}
 j - a phial of floods
 k - a legendary deck of escape {drawn: 1}
 n - a legendary deck of summonings {drawn: 7}
 u - a legendary deck of summonings {drawn: 1}
 y - an ornate deck of escape {drawn: 2}
 A - a box of beasts {used: 1}
 E - an ornate deck of escape {drawn: 1}
 Q - a legendary deck of summonings {drawn: 3}
 S - a fan of gales
 U - a stone of tremors
 W - a lamp of fire
 Y - an ornate deck of destruction {drawn: 1}
 Z - an ornate deck of summonings {drawn: 2}


   Skills:
 * Level 16.7 Fighting
   Level 4.9 Long Blades
   Level 3.2 Slings
 - Level 10.0 Armour
 - Level 15.4 Dodging
 - Level 0.4 Stealth
 - Level 15.0 Shields
 + Level 20.0 Unarmed Combat
 - Level 10.8 Earth Magic
 - Level 10.0 Evocations


You had 18 spell levels left.
You knew the following spells:

 Your Spells              Type           Power        Failure   Level  Hunger
a - Summon Butterflies    Summ           #.......     58%         1    ##.....
b - Stoneskin             Trmt/Erth      #.........   12%         2    ###....
c - Ozocubu's Armour      Chrm/Ice       #.........   98%         3    ####...


Dungeon Overview and Level Annotations

Branches:
Dungeon (15/15)            Temple (0/1) D:7             Orc (4/4) D:9
    Elf (3/3) Orc:4          Lair (8/8) D:10          Swamp (5/5) Lair:4
  Snake (5/5) Lair:5        Slime (0/6) Lair:7       Vaults (5/5) D:13
  Blade (1/1) Vaults:4      Crypt (5/5) Vaults:2       Tomb (0/3) Crypt:3
 Depths (0/5) D:15

Altars:
Ashenzari
Dithmenos
Kikubaaqudgha
Makhleb
Nemelex Xobeh
Okawaru
Sif Muna
Vehumet
Yredelemnul
Zin
The Shining One
Beogh
Jiyva

Shops:
D:5 ?   Orc:4 [*([   Elf:1 *   Snake:4 ?}   Vaults:2 [   Vaults:4 ?

Portals:
Ziggurat: Vaults:1

Annotations:
Swamp:3 exclusion: Roxanne, Roxanne


Innate Abilities, Weirdness & Mutations

You are too large for most types of armour.
You have claws for hands.
Your metabolism is lightning-fast.
You like to eat raw meat.
You heal very quickly.
You can eat rotten meat.
You are covered in thick fur (AC +2).
You have very tough skin (AC +2).
You are partially covered in thin metallic scales (AC +2).
You tend to lose your temper in combat.
You can breathe flames.
Your digestive system is highly specialised to digest meat.
Your flesh is cold resistant.
Your magical capacity is low (-10% MP).
You passively map a small area around you.
You rapidly evolve.


Message History

The phantasmal warrior hits you.
* * * LOW HITPOINT WARNING * * *
The red devil hits you from afar with a glowing trident.
* * * LOW HITPOINT WARNING * * *
Drink which item? (? for menu, Esc to quit)
You feel yourself speed up.
The red devil hits you but does no damage.
The phantasmal warrior's blade passes through your shield.
The phantasmal warrior hits you but does no damage.
The red devil misses you. The bone dragon bites you.
You block the bone dragon's attack. The bone dragon tramples you!
* * * LOW HITPOINT WARNING * * *
You stumble backwards!
You are very lightly contaminated with residual magic.
There is a large open door here.
The hell knight points at you and mumbles some strange words.
The bolt of fire hits the withered plant.
The bolt of fire hits you! You resist.
You die...
Your body glows with a rainbow of weird colours and disappears.

..................##...#......#
.................##...##......#
##################...##.......#
....................##..PPPPP.#
...................##......P..#*
#######''###########...PP.....#,
......P...............P..PP.P.#
,
.........P..P...........P.P...#
...PPP.....P....@......P.PP.P.#
..PPP.....PP.........PP..PPP..#
....P.P.....DPP.......P.......#
.......P....PPPP..............#
############W'#################
# #44@.#..§§#..≈≈#..≈≈# ≈≈##*
#....#...≈#...≈#...≈# #
...#*#....#....#....#....###
...##....#....#....#....##.


You could see a bone dragon, a hell knight, a phantasmal warrior and 2 red
devils.

Vanquished Creatures
  An ancient lich (Crypt:5)
  Boris (twice) (Vaults:2 Vaults:3)
  Jory (Crypt:4)
  2 bone dragons
  Vashnia (Snake:4)
  A deep elf blademaster (Elf:3)
  A lich (Vaults:3)
  3 sphinxes
  A thorn hunter (Swamp:2)
  A tentacled starspawn (Abyss:1)
  Rupert (Snake:1)
  Agnes (Swamp:1)
  A storm dragon (Vaults:4)
  Frances (Swamp:1)
  7 ancient champions
  Kirke (Snake:4)
  A revenant (Abyss:1)
  8 deep elf sorcerers
  Wiglaf (Swamp:2)
  8 greater nagas
  3 frost giants
  A ghost moth (shapeshifter) (Vaults:1)
  An orc warlord (Orc:4)
  A balrug (Elf:3)
  2 fire giants
  2 ghouls
  5 vault wardens
  7 deep elf demonologists
  7 stone giants
  A starcursed mass (Abyss:1)
  12 deep elf annihilators
  Azrael (Elf:1)
  A curse skull (Crypt:4)
  A vampire knight (Crypt:1)
  An unborn (Crypt:4)
  An ettin (Vaults:3)
  7 crystal guardians
  8 deep elf death magi
  3 eidola
  3 fire dragons
  10 jiangshi
  4 vault guards
  2 great orbs of eyes (Vaults:3)
  3 deep elf high priests (Elf:3)
  An ice dragon (Lair:8)
  8 ironheart preservers
  A spectral storm dragon (Vaults:4)
  15 naga warriors
  11 yaktaur captains
  13 ogre magi
  Nessos (Orc:4)
  A shambling mangrove (Swamp:5)
  8 alligators
  13 anacondas
  A tengu warrior (D:13)
  15 hydras
  An anaconda (shapeshifter) (Vaults:3)
  2 deep dwarf death knights
  A deep troll shaman (Lair:8)
  2 ravenous feature mimics
  21 dancing weapons
  20 death yaks
  4 plague shamblers
  2 thrashing horrors (Abyss:1)
  4 vampire magi (Crypt:4)
  11 naga sharpshooters
  Urug (Snake:1)
  3 spectral elves
  6 spriggans
  6 centaur warriors
  3 hell knights (Crypt:5)
  2 catoblepae
  2 orc high priests
  7 iron golems
  8 shock serpents
  15 deep elf knights
  A wretched star (Abyss:1)
  A very ugly thing (Swamp:5)
  8 shadow wraiths
  30 skeletal warriors
  2 deep trolls (Vaults:4)
  A storm dragon skeleton (Crypt:3)
  5 sea snakes (Snake:5)
  An orb spider (shapeshifter) (Vaults:3)
  2 unseen horrors
  A fire crab (Vaults:2)
  A giant orange brain (Vaults:4)
  14 ironbrand convokers
  Erolcha (Orc:4)
  3 large abominations (Abyss:1)
  2 flaming corpses
  10 flayed ghosts
  A wizard (Vaults:3)
  An ice statue (IceCv)
  8 naga ritualists
  10 deep elf summoners
  A golden dragon skeleton (Crypt:3)
  A lindwurm (Lair:8)
  9 statues (Volcano)
  6 hill giants
  A sphinx zombie (Vaults:4)
  6 orc knights
  18 deep elf conjurers
  18 phantasmal warriors
  A shadow dragon zombie (Vaults:4)
  A frost giant zombie (D:15)
  5 swamp dragons (Swamp:5)
  12 mana vipers
  A spectral human (Vaults:4)
  4 red wasps
  12 salamanders
  A fire giant zombie (Vaults:4)
  4 orc sorcerers
  2 worldbinders (Abyss:1)
  9 guardian serpents
  3 stone giant zombies
  7 cyclopes
  A manticore (D:13)
  3 wolf spiders
  2 octopodes (shapeshifter)
  16 vault sentinels
  7 necromancers
  A sixfirhy (Abyss:1)
  6 griffons
  A frost giant skeleton (Vaults:3)
  A stone golem (Abyss:1)
  Maurice (D:11)
  4 elephants (Lair:8)
  A fire giant skeleton (Crypt:3)
  An orange demon (Elf:3)
  43 black mambas
  A dire elephant zombie (Crypt:3)
  2 stone giant skeletons
  2 titan simulacra
  17 spiny frogs
  An eye of devastation (Lair:4)
  18 naga magi
  Psyche (D:11)
  2 vapours
  5 kobold demonologists
  A spiny frog (shapeshifter) (D:13)
  A demonic crawler (Elf:2)
  A feature mimic (D:13)
  16 freezing wraiths
  A fire drake (Lair:4)
  A dire elephant skeleton (Crypt:1)
  4 smoke demons
  2 ancient zymes (Abyss:1)
  31 yaktaurs
  4 guardian mummies (Crypt:3)
  A spriggan druid (Lair:7)
  7 giant fireflies
  A siren zombie (Crypt:4)
  13 trolls
  9 deep elf priests
  A troll (shapeshifter) (Elf:1)
  21 two-headed ogres
  2 blue devils
  A pale draconian skeleton (Crypt:2)
  2 silent spectres
  12 polar bears
  3 jumping spiders
  A polar bear (shapeshifter) (Elf:3)
  A boggart (Vaults:1)
  A baby alligator (shapeshifter) (D:13)
  A mana viper skeleton (Crypt:4)
  13 komodo dragons
  24 slime creatures
  A centaur skeleton (D:11)
  4 boulder beetles
  6 giant leeches
  A guardian serpent zombie (Crypt:1)
  7 blink frogs
  2 catoblepas skeletons
  A fire dragon zombie (D:15)
  5 bog bodies
  A griffon zombie (D:11)
  11 ravens
  An ice dragon zombie (Crypt:2)
  An alligator zombie (Crypt:3)
  21 deep elf magi
  2 blink frogs (shapeshifter)
  4 thorn lotuses
  18 wraiths
  3 grizzly bears
  8 flying skulls
  6 baby alligators
  3 tarantellas
  2 basilisks
  11 shadows
  6 redbacks
  A water elemental (D:13)
  A fire dragon skeleton (Crypt:1)
  7 wyverns
  7 sharks
  An iron dragon simulacrum (Vaults:4)
  4 vampires
  A ynoxinul (Abyss:1)
  A griffon skeleton (D:13)
  A steam dragon (D:9)
  48 vampire mosquitoes
  An elephant slug (Lair:8)
  Eustachio (D:7)
  5 fire elementals
  A gargoyle (D:13)
  A hill giant zombie (D:15)
  13 hungry ghosts
  7 fire bats
  A neqoxec (Abyss:1)
  26 yaks
  16 hippogriffs
  27 ugly things
  27 deep elf fighters
  A monstrous demonspawn zombie (Crypt:4)
  The ghost of lorenzova the Sneak, an average SpEn (D:5)
  2 hill giant skeletons
  4 necrophages
  An ugly thing skeleton (Crypt:2)
  Menkaure (D:7)
  36 wolves
  2 mottled dragons
  47 nagas
  A gelid demonspawn skeleton (Crypt:3)
  20 swamp worms
  6 porcupines
  A raven skeleton (Crypt:2)
  3 wargs
  2 hell hounds (Elf:1)
  An orb spider zombie (Crypt:3)
  33 water moccasins
  A spider (Elf:3)
  7 swamp drakes
  A torturous demonspawn skeleton (Crypt:3)
  2 sky beasts
  2 small abominations (Abyss:1)
  3 black bears
  56 orc warriors
  4 ice beasts
  A mermaid zombie (Crypt:2)
  4 giant goldfish
  59 ogres
  An elephant skeleton (Crypt:1)
  A mermaid skeleton (Crypt:3)
  19 crocodiles
  4 yellow wasps
  A boring beetle (Lair:6)
  Sigmund (D:7)
  4 lost souls
  Duvessa (D:7)
  8 lava worms
  17 centaurs
  5 big kobolds
  10 giant slugs
  2 human skeletons (Vaults:3)
  An elf skeleton (Crypt:3)
  27 insubstantial wisps
  17 giant frogs
  A cyclops skeleton (D:13)
  3 eyes of draining
  A wyvern skeleton (D:13)
  A boulder beetle zombie (Crypt:2)
  A warg zombie (Crypt:1)
  A grizzly bear zombie (Crypt:4)
  A scorpion (D:6)
  22 wights
  7 killer bees
  A polar bear skeleton (IceCv)
  8 crimson imps
  2 human simulacra (Vaults:3)
  7 electric eels
  5 centaur zombies
  8 lava snakes
  A goliath beetle (Elf:3)
  4 big fish
  4 human zombies
  An iron imp (Crypt:5)
  4 jellies
  A soldier ant zombie (Crypt:4)
  A two-headed ogre zombie (Vaults:4)
  5 elf zombies (Vaults:3)
  32 orc priests
  A quasit (Abyss:1)
  13 hounds
  A lava worm zombie (Crypt:1)
  A giant frog skeleton (D:10)
  11 iguanas
  8 orange rats
  31 orc wizards
  A two-headed ogre skeleton (D:12)
  8 worker ants
  40 sheep
  2 mottled dragon zombies
  Jessica (D:6)
  3 mummies
  A scorpion zombie (D:6)
  39 adders
  2 gnolls (D:4)
  A swamp drake skeleton (Crypt:1)
  5 shadow imps
  66 green rats
  3 giant mites
  13 white imps
  9 worms
  4 ufetubi
  An iguana zombie (Crypt:1)
  2 orc skeletons
  An adder skeleton (D:4)
  3 adder zombies
  A halfling skeleton (Crypt:2)
  An iguana skeleton (D:11)
  12 giant geckos
  2 oozes (Sewer)
  194 orcs
  17 ball pythons
  5 giant cockroaches
  A gnoll skeleton (Crypt:3)
  17 goblins
  21 hobgoblins
  22 jackals
  13 quokkas
  33 bats
  A giant cockroach zombie (Crypt:4)
  A giant gecko skeleton (D:6)
  A giant gecko zombie (Crypt:1)
  5 giant newts
  A giant spore (D:12)
  2 goblin zombies (Ossuary)
  10 hobgoblin zombies
  19 kobolds
  2 kobold skeletons
  10 kobold zombies
  20 orc zombies
  54 rats
  2 rat zombies (Ossuary)
  A briar patch (Swamp:2)
  2 butterflies
  A crawling corpse (Elf:3)
  5 fungi
  A macabre mass (Elf:3)
2492 creatures vanquished.

Vanquished Creatures (collateral kills)
  Saint Roka (Swamp:2)
  2 liches
  A tengu reaver (Vaults:4)
  Donald (Orc:3)
  2 greater nagas (Snake:5)
  Maud (Lair:8)
  A deep elf sorcerer (Elf:3)
  Aizul (Snake:3)
  Louise (Swamp:1)
  A cacodemon (Vaults:3)
  A vault warden (Vaults:4)
  Jorgrun (Elf:3)
  Snorg (Lair:7)
  An eidolon (Crypt:5)
  A deep elf death mage (Elf:3)
  3 vault guards (D:13)
  2 ironheart preservers (Vaults:4)
  A yaktaur captain (Vaults:1)
  A deep elf high priest (Elf:3)
  2 naga warriors
  2 alligators
  4 hydras
  An anaconda (Snake:5)
  An ogre mage (Vaults:1)
  A vampire mage (Crypt:4)
  2 death yaks
  A spectral elf (Vaults:4)
  An orc high priest (Orc:4)
  A naga sharpshooter (Snake:4)
  A spectral yaktaur (Vaults:4)
  4 sea snakes (Snake:5)
  A deep elf knight (Elf:3)
  An unseen horror (D:13)
  2 swamp dragons (Swamp:5)
  An ironbrand convoker (Vaults:2)
  A flayed ghost (Crypt:5)
  A naga ritualist (Snake:5)
  A deep elf conjurer (Elf:3)
  4 orc knights
  A necromancer (Vaults:3)
  An orc sorcerer (Swamp:2)
  A mana viper (Snake:3)
  A human zombie (Vaults:3)
  A red wasp (Elf:3)
  A vault sentinel (Vaults:2)
  A green draconian zombie (Crypt:4)
  3 yaktaurs (Vaults:3)
  A vapour (Snake:5)
  2 giant fireflies (Vaults:1)
  3 polar bears (IceCv)
  Sonja (D:13)
  4 trolls
  2 slime creatures (Vaults:1)
  A bog body (Swamp:5)
  A raven (Swamp:5)
  A basilisk (D:13)
  5 two-headed ogres
  A human simulacrum (Vaults:3)
  A human skeleton (Vaults:3)
  A small abomination (Vaults:4)
  A redback (Lair:8)
  7 ugly things
  2 deep elf fighters
  A wraith (D:13)
  Grum (D:10)
  5 yaks
  4 water moccasins
  2 wargs
  A hippogriff (D:13)
  A wolf (D:10)
  A hungry ghost (Crypt:4)
  9 nagas
  An orb spider zombie (Crypt:4)
  A porcupine (Lair:7)
  14 orc warriors
  A black bear (D:13)
  4 ogres
  2 ice beasts (IceCv)
  A centaur (D:13)
  A yellow wasp (Lair:7)
  A yaktaur zombie (Vaults:3)
  A giant slug (Lair:7)
  A crocodile (Lair:2)
  An insubstantial wisp (Vaults:4)
  A quasit (D:13)
  A centaur zombie (Vaults:3)
  3 orc priests
  2 elf zombies (Vaults:3)
  3 orc wizards
  A worker ant (D:4)
  A sheep (Lair:5)
  A gnoll (D:4)
  5 green rats (Lair:7)
  2 orc zombies (Swamp:2)
  A shadow imp (D:13)
  A white imp (Lair:2)
  An ufetubus (Vaults:3)
  23 orcs
  A bat (D:4)
  2 goblins (Orc:2)
  A butterfly (Lair:2)
205 creatures vanquished.

Vanquished Creatures (others)
  A bone dragon (Vaults:1)
  A lich (Crypt:5)
  A fire giant (Vaults:3)
  A green death (Crypt:4)
  A hydra (Lair:4)
  A centaur warrior (Vaults:3)
  2 ogre magi (Vaults:4)
  8 very ugly things
  A death yak (IceCv)
  A deep elf knight (Elf:2)
  A skeletal warrior (Snake:5)
  An unseen horror (Vaults:1)
  An anaconda skeleton (Snake:1)
  A deep elf conjurer (Elf:2)
  11 dancing weapons
  6 red wasps (Elf:3)
  A griffon (Swamp:2)
  2 elephants
  An orange demon (Vaults:3)
  A spiny frog (Lair:8)
  A naga mage (Snake:1)
  2 vapours (Vaults:4)
  3 air elementals
  A komodo dragon (Swamp:2)
  A red devil (Vaults:4)
  3 water elementals
  6 giant fireflies
  9 fire elementals
  5 polar bears
  A raven (Swamp:5)
  3 raiju (Abyss:1)
  A baby alligator (Lair:4)
  3 deep elf magi
  3 basilisks
  A grizzly bear (Swamp:5)
  A human skeleton (Vaults:4)
  10 yaks
  3 ugly things
  A chimera (Elf:3)
  14 vampire mosquitoes
  2 hogs
  3 humans (Snake:4)
  A hippogriff (Swamp:5)
  5 deep elf fighters
  6 wolves
  2 nagas
  An orc warrior (Vaults:4)
  A soldier ant (Vaults:4)
  A mottled dragon (Vaults:1)
  12 yellow wasps
  A sky beast (D:11)
  10 black bears
  A spiny frog skeleton (Lair:5)
  A crocodile (Lair:4)
  A boring beetle (Swamp:2)
  8 lost souls
  9 insubstantial wisps
  A human simulacrum (Vaults:3)
  A polar bear skeleton (IceCv)
  2 crimson imps
  Dowan (D:7)
  15 hounds
  A big fish (D:13)
  2 orange rats
  An orc wizard (Orc:3)
  9 sheep
  3 adders
  4 white imps
  5 ufetubi
  A giant gecko (D:11)
  2 bats
  A giant spore (D:9)
  A lurking horror (Abyss:1)
  6 fungi
  9 plants
  4 starspawn tentacles (Abyss:1)
  4 starspawn tentacle segments (Abyss:1)
254 creatures vanquished.

Grand Total: 2951 creatures vanquished

Notes
Turn   | Place    | Note
--------------------------------------------------------------
     0 | D:1      | MrRokkomies, the Troll Artificer, began the quest for the Orb.
     0 | D:1      | Reached XP level 1. HP: 18/18 MP: 1/1
    46 | D:1      | Reached skill level 1 in Fighting
   233 | D:1      | Reached XP level 2. HP: 21/27 MP: 1/1
   403 | D:1      | Reached XP level 3. HP: 35/35 MP: 3/3
   898 | D:2      | Found an iron altar of Okawaru.
   918 | D:2      | Reached skill level 3 in Unarmed Combat
   918 | D:2      | Reached XP level 4. HP: 42/42 MP: 3/3
  1310 | D:2      | Found a deep blue altar of Sif Muna.
  1780 | D:3      | Found a shattered altar of Ashenzari.
  1912 | D:3      | Found a glowing golden altar of the Shining One.
  2111 | D:4      | Reached skill level 4 in Unarmed Combat
  2111 | D:4      | Reached XP level 5. HP: 47/50 MP: 3/3
  2223 | D:4      | Noticed an ogre
  2231 | D:4      | Killed an ogre
  2231 | D:4      | Reached skill level 5 in Unarmed Combat
  2231 | D:4      | Reached XP level 6. HP: 24/59 MP: 5/5
  2279 | D:4      | Found a sand-covered staircase.
  2643 | Ossuary  | Entered an ossuary
  2978 | Ossuary  | Reached skill level 6 in Unarmed Combat
  3026 | Ossuary  | Reached XP level 7. HP: 45/67 MP: 5/5
  3260 | D:5      | Entered Level 5 of the Dungeon
  3341 | D:5      | Noticed lorenzova's ghost (average SpEn)
  3355 | D:5      | Killed lorenzova's ghost
  3379 | D:5      | Found a sparkling altar of Nemelex Xobeh.
  3386 | D:5      | Became a worshipper of Nemelex Xobeh
  3469 | D:5      | Reached skill level 7 in Unarmed Combat
  3543 | D:5      | Found a burning altar of Makhleb.
  3819 | D:5      | Received a gift from Nemelex Xobeh
  3900 | D:5      | Acquired Nemelex Xobeh's first power
  4024 | D:5      | Reached skill level 8 in Unarmed Combat
  4051 | D:5      | Reached XP level 8. HP: 51/75 MP: 6/6
  4138 | D:5      | Found Clianuh's Magic Scroll Emporium.
  4148 | D:5      | Bought a scroll of identify for 28 gold pieces
  4259 | D:5      | Gained mutation: You are covered in thick fur (AC +2). [potion of beneficial mutation]
  4644 | D:6      | Acquired Nemelex Xobeh's second power
  4746 | D:6      | Reached skill level 9 in Unarmed Combat
  4766 | D:6      | Noticed Jessica
  4777 | D:6      | Killed Jessica
  4793 | D:6      | Found a deep blue altar of Sif Muna.
  4837 | D:6      | Found a glowing drain.
  4850 | Sewer    | Entered a sewer
  5446 | D:7      | Reached skill level 10 in Unarmed Combat
  5488 | D:7      | Found a staircase to the Ecumenical Temple.
  5531 | D:7      | Noticed Menkaure
  5534 | D:7      | Killed Menkaure
  5655 | D:7      | Reached XP level 9. HP: 77/83 MP: 8/8
  5692 | D:7      | Found an ancient bone altar of Kikubaaqudgha.
  5702 | D:7      | Found a shadowy altar of Dithmenos.
  5889 | D:7      | Noticed Eustachio
  5906 | D:7      | Killed Eustachio
  5906 | D:7      | Reached skill level 11 in Unarmed Combat
  5918 | D:7      | Noticed Sigmund
  5939 | D:7      | Killed Sigmund
  5983 | D:7      | Noticed Duvessa
  5986 | D:7      | Noticed Dowan
  5996 | D:7      | Killed Duvessa
  6013 | D:7      | Killed Dowan
  6032 | D:7      | Acquired Nemelex Xobeh's third power
  6481 | D:8      | Received a gift from Nemelex Xobeh
  6586 | D:8      | Reached skill level 12 in Unarmed Combat
  6630 | D:8      | Found a radiant altar of Vehumet.
  6771 | D:8      | Found a glowing silver altar of Zin.
  7096 | D:9      | Found a staircase to the Orcish Mines.
  7735 | D:10     | Entered Level 10 of the Dungeon
  7784 | D:10     | Reached XP level 10. HP: 91/91 MP: 11/11
  7792 | D:10     | Found a deep blue altar of Sif Muna.
  7831 | D:10     | Noticed an unseen horror
  7835 | D:10     | an unseen horror (ally) was killed
  7946 | D:10     | Received a gift from Nemelex Xobeh
  8139 | D:10     | Found a staircase to the Lair.
  8152 | Lair:1   | Entered Level 1 of the Lair of Beasts
  8179 | Lair:1   | Gained mutation: Your skin changes colour to match your surroundings (Stlth). [potion of beneficial mutation]
  8244 | Lair:1   | Identified a scroll of acquirement
  8410 | Lair:1   | Reached skill level 5 in Dodging
  8474 | Lair:1   | Reached skill level 5 in Evocations
  8671 | Lair:1   | Received a gift from Nemelex Xobeh
  8772 | Lair:1   | Acquired Nemelex Xobeh's fourth power
  8953 | Lair:1   | Received a gift from Nemelex Xobeh
  9288 | Lair:2   | Found a frozen archway.
  9392 | IceCv    | Entered an ice cave
  9476 | IceCv    | Reached XP level 11. HP: 97/97 MP: 15/15
  9479 | IceCv    | Received a gift from Nemelex Xobeh
 10139 | IceCv    | Noticed an ice statue
 10268 | IceCv    | Received a gift from Nemelex Xobeh
 10343 | IceCv    | Killed an ice statue
 10583 | IceCv    | Noticed a death yak
 10583 | IceCv    | Noticed a frost giant
 10589 | IceCv    | Killed a death yak
 10594 | IceCv    | Killed a frost giant
 10752 | IceCv    | Identified the Tome of Companions
 10764 | IceCv    | Learned a level 1 spell: Summon Butterflies
 11041 | Lair:2   | Reached skill level 10 in Dodging
 11263 | Lair:2   | Acquired Nemelex Xobeh's fifth power
 11403 | Lair:2   | Received a gift from Nemelex Xobeh
 11472 | Lair:2   | Gained mutation: You evolve. [potion of beneficial mutation]
 11715 | Lair:1   | Upgraded the game from 0.14-a0-3247-g5fd345f to 0.14-a0-3295-g3fd807f
 12004 | D:10     | Noticed Grum
 12017 | D:10     | Killed Grum
 12017 | D:10     | Reached XP level 12. HP: 82/105 MP: 18/18
 12236 | D:11     | Noticed Maurice
 12288 | D:11     | Killed Maurice
 12350 | D:11     | Noticed Psyche
 12361 | D:11     | Killed Psyche
 12415 | D:11     | Received a gift from Nemelex Xobeh
 12601 | Lair:1   | Lost mutation: Your skin changes colour to match your surroundings (Stlth). [helix card]
 12732 | Lair:3   | Got a faintly glowing dagger
 12733 | Lair:3   | Identified the +9,+7 dagger of Midwinter {holy, +Fly Int-2} (You found it on level 3 of the Lair of Beasts)
 13668 | Lair:4   | Found a staircase to the Swamp.
 13668 | Lair:4   | Noticed a four-headed hydra
 13681 | Lair:4   | Killed a four-headed hydra
 13853 | Lair:4   | Found a dark tunnel.
 13885 | Volcano  | Entered a volcano
 14203 | Volcano  | Found a white marble altar of Elyvilon.
 14465 | Lair:4   | Received a gift from Nemelex Xobeh
 15307 | Lair:5   | Your ally Waggesam died
 15424 | Lair:5   | Received a gift from Nemelex Xobeh
 15503 | Lair:5   | Reached XP level 13. HP: 103/113 MP: 20/20
 15584 | Lair:5   | Found a staircase to the Snake Pit.
 15654 | Lair:5   | Gained mutation: Your digestive system is specialised to digest meat. [evolution]
 15796 | Lair:5   | Noticed a four-headed hydra
 15803 | Lair:5   | Received a gift from Nemelex Xobeh
 15810 | Lair:5   | Killed a four-headed hydra
 15810 | Lair:5   | Reached skill level 13 in Unarmed Combat
 15996 | Lair:5   | Gained mutation: You are partially covered in thin metallic scales (AC +2). [potion of beneficial mutation]
 16984 | Lair:6   | Received a gift from Nemelex Xobeh
 17468 | Lair:6   | Gained mutation: You are agile. (Dex +2) [evolution]
 17624 | Lair:6   | Reached skill level 14 in Unarmed Combat
 17629 | Lair:6   | Received a gift from Nemelex Xobeh
 18356 | Lair:7   | Noticed Snorg
 18365 | Lair:7   | Killed Snorg
 18448 | Lair:7   | Found a viscous altar of Jiyva.
 18448 | Lair:7   | Found a staircase to the Slime Pits.
 18472 | Lair:7   | Reached skill level 10 in Evocations
 18562 | Lair:7   | Received a gift from Nemelex Xobeh
 18804 | Lair:7   | Gained mutation: You rapidly evolve. [evolution]
 18811 | Lair:7   | Received a gift from Nemelex Xobeh
 18961 | Lair:7   | Reached XP level 14. HP: 98/123 MP: 23/23
 19156 | Lair:7   | Reached skill level 15 in Unarmed Combat
 19541 | Lair:1   | Upgraded the game from 0.14-a0-3295-g3fd807f to 0.14-a0-3315-g09e681a
 19699 | D:11     | Reached skill level 5 in Fighting
 19868 | D:11     | Received a gift from Nemelex Xobeh
 20075 | D:11     | Reached XP level 15. HP: 133/143 MP: 25/25
 20076 | D:11     | Reached XP level 16. HP: 141/152 MP: 23/25
 20284 | D:12     | Found a sparkling altar of Nemelex Xobeh.
 20506 | D:12     | Received a gift from Nemelex Xobeh
 20821 | D:12     | Reached skill level 16 in Unarmed Combat
 21840 | D:13     | Got a slimy shield
 21847 | D:13     | Identified the +3 shield of Repulsion {rN+ MR++} (You acquired it on level 13 of the Dungeon)
 22081 | D:13     | Noticed Sonja
 22093 | D:13     | Killed Sonja
 22096 | D:13     | Reached skill level 1 in Shields
 22111 | D:13     | Found a gate to the Vaults.
 22168 | D:13     | Got a smoking golden ring
 22169 | D:13     | Received a gift from Nemelex Xobeh
 22644 | Lair:3   | Gained mutation: You passively map a small area around you. [evolution]
 22644 | Lair:3   | Lost mutation: You rapidly evolve. [end of evolution]
 22785 | Lair:8   | Entered Level 8 of the Lair of Beasts
 23231 | Lair:8   | Received a gift from Nemelex Xobeh
 23552 | Lair:8   | Noticed Maud
 23567 | Lair:8   | Killed Maud
 23812 | Lair:8   | Reached skill level 5 in Shields
 25056 | Lair:1   | Received a gift from Nemelex Xobeh
 25154 | Orc:1    | Entered Level 1 of the Orcish Mines
 25389 | Orc:2    | Received a gift from Nemelex Xobeh
 25501 | Orc:2    | Found a roughly hewn altar of Beogh.
 25841 | Orc:3    | Received a gift from Nemelex Xobeh
 25855 | Orc:3    | Received a gift from Nemelex Xobeh
 25991 | Orc:3    | Received a gift from Nemelex Xobeh
 26076 | Orc:3    | Received a gift from Nemelex Xobeh
 26498 | Orc:3    | Received a gift from Nemelex Xobeh
 26514 | Orc:3    | Received a gift from Nemelex Xobeh
 26656 | Orc:2    | Received a gift from Nemelex Xobeh
 26998 | Orc:1    | Received a gift from Nemelex Xobeh
 27224 | Orc:1    | Received a gift from Nemelex Xobeh
 27663 | Orc:3    | Noticed Donald
 27672 | Orc:3    | Received a gift from Nemelex Xobeh
 27680 | Orc:3    | Killed Donald
 27757 | Orc:4    | Entered Level 4 of the Orcish Mines
 28142 | Orc:4    | Received a gift from Nemelex Xobeh
 28180 | Orc:4    | Found a roughly hewn altar of Beogh.
 28224 | Orc:4    | Found Opoareug's Antique Armour Emporium.
 28233 | Orc:4    | Bought a fabulously ornate robe for 136 gold pieces
 28239 | Orc:4    | Identified the +0 robe of Light {+Inv +Fly Acc-3} (You bought it in a shop on level 4 of the Orcish Mines)
 28257 | Orc:4    | Found a staircase to the Elven Halls.
 28357 | Orc:4    | Found a roughly hewn altar of Beogh.
 28395 | Orc:4    | Noticed Nessos
 28401 | Orc:4    | Received a gift from Nemelex Xobeh
 28413 | Orc:4    | Killed Nessos
 28413 | Orc:4    | Reached skill level 10 in Fighting
 28413 | Orc:4    | Reached XP level 17. HP: 144/166 MP: 26/26
 28450 | Orc:4    | Found a roughly hewn altar of Beogh.
 28552 | Orc:4    | Found a roughly hewn altar of Beogh.
 28748 | Orc:4    | Received a gift from Nemelex Xobeh
 28758 | Orc:4    | Found a roughly hewn altar of Beogh.
 28773 | Orc:4    | Received a gift from Nemelex Xobeh
 28804 | Orc:4    | Received a gift from Nemelex Xobeh
 28814 | Orc:4    | Found Kevoh's Antique Weapon Emporium.
 28819 | Orc:4    | Found Wak Riumikle's Antique Armour Shoppe.
 28890 | Orc:4    | Found a roughly hewn altar of Beogh.
 28921 | Orc:4    | Noticed Erolcha
 28924 | Orc:4    | Killed Erolcha
 28968 | Orc:4    | Found a roughly hewn altar of Beogh.
 28972 | Orc:4    | Found Tearod's General Store.
 28984 | Orc:4    | Bought 2 potions of berserk rage for 96 gold pieces
 29697 | D:14     | Learned a level 2 spell: Stoneskin
 29761 | D:14     | Received a gift from Nemelex Xobeh
 30363 | D:15     | Entered Level 15 of the Dungeon
 30916 | D:15     | Found a staircase to the Depths.
 31778 | Swamp:1  | Entered Level 1 of the Swamp
 31946 | Swamp:1  | Noticed Agnes
 31947 | Swamp:1  | Received a gift from Nemelex Xobeh
 31957 | Swamp:1  | Killed Agnes
 32002 | Swamp:1  | Received a gift from Nemelex Xobeh
 32016 | Swamp:1  | Noticed Frances
 32025 | Swamp:1  | Killed Frances
 32221 | Swamp:1  | Noticed Louise
 32230 | Swamp:1  | Received a gift from Nemelex Xobeh
 32242 | Swamp:1  | Killed Louise
 32437 | Swamp:1  | Reached skill level 10 in Shields
 32795 | Swamp:2  | Reached skill level 1 in Earth Magic
 32878 | Swamp:2  | Noticed Wiglaf
 32886 | Swamp:2  | Received a gift from Nemelex Xobeh
 32897 | Swamp:2  | Killed Wiglaf
 33190 | Swamp:2  | Gained mutation: Your magical capacity is low (-10% MP). [potion of mutation]
 33196 | Swamp:2  | Reached XP level 18. HP: 177/179 MP: 24/24
 33268 | Swamp:2  | Noticed Saint Roka
 33272 | Swamp:2  | Received a gift from Nemelex Xobeh
 33283 | Swamp:2  | Killed Saint Roka
 33687 | Swamp:2  | Gained mutation: You rapidly evolve. [potion of beneficial mutation]
 33771 | Swamp:2  | Gained mutation: Your magical capacity is very low (-20% MP). [Jiyva's wrath]
 33771 | Swamp:2  | Gained mutation: Your body is slowly deteriorating. [Jiyva's wrath]
 33982 | Swamp:3  | Reached skill level 5 in Earth Magic
 34146 | Swamp:3  | Noticed Roxanne
 34307 | Swamp:3  | Received a gift from Nemelex Xobeh
 34622 | Swamp:3  | HP: 9/182 [something/bolt of lightning (29)]
 34809 | Lair:1   | Upgraded the game from 0.14-a0-3315-g09e681a to 0.14-a0-3329-g86b2fc4
 35422 | Lair:1   | Lost mutation: Your magical capacity is very low (-20% MP). [evolution]
 36019 | Swamp:5  | Entered Level 5 of the Swamp
 36184 | Swamp:5  | Received a gift from Nemelex Xobeh
 36216 | Swamp:5  | Reached XP level 19. HP: 163/191 MP: 24/24
 36257 | Swamp:5  | Received a gift from Nemelex Xobeh
 36432 | Swamp:5  | Got a decaying rune of Zot
 36465 | Swamp:5  | Received a gift from Nemelex Xobeh
 36936 | Snake:1  | Entered Level 1 of the Snake Pit
 37134 | Snake:1  | Noticed Rupert
 37134 | Snake:1  | Paralysed by Rupert for 4 turns
 37145 | Snake:1  | Noticed Urug
 37309 | Snake:1  | Killed Rupert
 37328 | Snake:1  | Killed Urug
 37393 | Snake:1  | Received a gift from Nemelex Xobeh
 37578 | Snake:1  | Reached skill level 1 in Slings
 37724 | Snake:1  | Received a gift from Nemelex Xobeh
 39863 | Snake:3  | Received a gift from Nemelex Xobeh
 40123 | Snake:3  | Noticed Aizul
 40141 | Snake:3  | Killed Aizul
 40710 | Snake:3  | Received a gift from Nemelex Xobeh
 40949 | Snake:3  | Gained mutation: Your digestive system is highly specialised to digest meat. [evolution]
 41061 | Snake:4  | Noticed Kirke
 41066 | Snake:4  | Killed Kirke
 41416 | Snake:4  | Found Voylysum's Magic Scroll Shoppe.
 41813 | Snake:4  | Noticed Vashnia
 41854 | Snake:4  | Killed Vashnia
 42203 | Snake:4  | Found Hopait's Gadget Boutique.
 43039 | Snake:5  | Entered Level 5 of the Snake Pit
 43058 | Snake:5  | Received a gift from Nemelex Xobeh
 43252 | Snake:5  | Reached skill level 15 in Fighting
 43314 | Snake:5  | Reached XP level 20. HP: 25/210 MP: 15/25
 44380 | Snake:5  | Received a gift from Nemelex Xobeh
 44574 | Snake:5  | Received a gift from Nemelex Xobeh
 44696 | Snake:5  | Received a gift from Nemelex Xobeh
 44933 | Snake:5  | Received a gift from Nemelex Xobeh
 44970 | Snake:5  | HP: 8/213 [greater naga/glowing dire flail (21)]
 45606 | Snake:5  | Got a serpentine rune of Zot
 45608 | Snake:5  | Received a gift from Nemelex Xobeh
 46330 | Vaults:1 | Entered Level 1 of the Vaults
 46501 | Vaults:1 | Received a gift from Nemelex Xobeh
 46973 | Vaults:1 | Received a gift from Nemelex Xobeh
 47206 | Vaults:1 | Reached skill level 1 in Long Blades
 47340 | Vaults:1 | Received a gift from Nemelex Xobeh
 47363 | Vaults:1 | Received a gift from Nemelex Xobeh
 47605 | Vaults:1 | Paralysed by a sphinx for 7 turns
 48322 | Vaults:1 | Received a gift from Nemelex Xobeh
 48453 | Vaults:1 | Reached XP level 21. HP: 222/222 MP: 26/26
 48455 | Vaults:1 | Received a gift from Nemelex Xobeh
 49188 | Vaults:1 | Reached skill level 15 in Dodging
 49409 | Vaults:1 | Received a gift from Nemelex Xobeh
 49567 | Vaults:2 | Found a staircase to the Crypt.
 50063 | Vaults:2 | Noticed Boris
 50069 | Vaults:2 | Received a gift from Nemelex Xobeh
 50074 | Vaults:2 | Killed Boris
 50134 | Vaults:2 | Reached skill level 10 in Earth Magic
 50556 | Vaults:2 | Received a gift from Nemelex Xobeh
 50564 | Vaults:2 | Lost mutation: You are agile. (Dex +2) [helix card]
 50564 | Vaults:2 | Gained mutation: You can breathe flames. [helix card]
 50798 | Vaults:2 | Found Ocheaf's Antique Armour Emporium.
 50814 | Vaults:2 | Bought a glowing large shield for 117 gold pieces
 51003 | Vaults:2 | Lost mutation: Your body is slowly deteriorating. [evolution]
 51286 | Vaults:2 | Received a gift from Nemelex Xobeh
 51559 | Vaults:2 | Received a gift from Nemelex Xobeh
 51966 | Vaults:3 | Noticed Boris
 51988 | Vaults:3 | Killed Boris
 52007 | Vaults:3 | Received a gift from Nemelex Xobeh
 53000 | Vaults:3 | Received a gift from Nemelex Xobeh
 53095 | Vaults:3 | Reached skill level 17 in Unarmed Combat
 53111 | Vaults:3 | Reached XP level 22. HP: 195/229 MP: 26/26
 53155 | Vaults:3 | Received a gift from Nemelex Xobeh
 53185 | Vaults:3 | Received a gift from Nemelex Xobeh
 53208 | Vaults:3 | Received a gift from Nemelex Xobeh
 53306 | Vaults:3 | Received a gift from Nemelex Xobeh
 53359 | Vaults:3 | Reached skill level 5 in Armour
 53359 | Vaults:3 | Reached XP level 23. HP: 237/237 MP: 19/27
 53697 | Vaults:3 | Your ally Briappugh died
 53757 | Vaults:3 | Received a gift from Nemelex Xobeh
 54303 | Vaults:3 | Received a gift from Nemelex Xobeh
 54526 | Vaults:3 | Received a gift from Nemelex Xobeh
 54938 | Vaults:4 | Received a gift from Nemelex Xobeh
 55026 | Vaults:4 | Received a gift from Nemelex Xobeh
 55309 | Vaults:4 | Received a gift from Nemelex Xobeh
 55394 | Vaults:4 | Found Akunakh's Magic Scroll Shoppe.
 55824 | Vaults:4 | Received a gift from Nemelex Xobeh
 55927 | Vaults:4 | Received a gift from Nemelex Xobeh
 56174 | Vaults:4 | Received a gift from Nemelex Xobeh
 56266 | Vaults:4 | Found a staircase to the Hall of Blades.
 56450 | Vaults:4 | Received a gift from Nemelex Xobeh
 56804 | Vaults:4 | Received a gift from Nemelex Xobeh
 56902 | Vaults:5 | Entered Level 5 of the Vaults
 56987 | Blade    | Entered the Hall of Blades
 57296 | Blade    | Cast into the Abyss (quick blade of distortion)
 57431 | Abyss:1  | Reached XP level 24. HP: 230/246 MP: 27/27
 57793 | Blade    | Escaped the Abyss
 58066 | Blade    | Received a gift from Nemelex Xobeh
 59211 | Elf:1    | Entered Level 1 of the Elven Halls
 59720 | Elf:1    | Received a gift from Nemelex Xobeh
 59766 | Elf:1    | Found Klaicogg's Assorted Antiques.
 59771 | Elf:1    | Bought a potion of heal wounds for 99 gold pieces
 59797 | Elf:1    | Noticed Azrael
 59804 | Elf:1    | Killed Azrael
 60723 | Elf:2    | Received a gift from Nemelex Xobeh
 61468 | Elf:2    | Received a gift from Nemelex Xobeh
 61936 | Elf:3    | Entered Level 3 of the Elven Halls
 62231 | Elf:3    | Received a gift from Nemelex Xobeh
 62668 | Elf:3    | Got a fine iron ring
 62718 | Elf:3    | Reached skill level 15 in Shields
 62744 | Elf:3    | HP: 11/246 [crystal guardian (18)]
 63139 | Elf:3    | Received a gift from Nemelex Xobeh
 63149 | Elf:3    | Received a gift from Nemelex Xobeh
 63373 | Elf:3    | Received a gift from Nemelex Xobeh
 63430 | Elf:3    | Got a wavering emerald amulet
 63438 | Elf:3    | Got a sparkling ivory ring
 63463 | Elf:3    | Gained mutation: Your flesh is cold resistant. [evolution]
 63536 | Elf:3    | Received a gift from Nemelex Xobeh
 63571 | Elf:3    | Received a gift from Nemelex Xobeh
 63837 | Elf:3    | Received a gift from Nemelex Xobeh
 63864 | Elf:3    | Gained mutation: You tend to lose your temper in combat. [mutagenic glow]
 64135 | Elf:3    | Received a gift from Nemelex Xobeh
 64386 | Elf:3    | Noticed Jorgrun
 64394 | Elf:3    | Killed Jorgrun
 64791 | Lair:1   | Identified the amulet of the Ego {Gourm Int-4 Dam+5} (You took it off a deep elf annihilator on level 3 of the Elven Halls)
 64795 | Lair:1   | Identified a +2 rod of the swarm (12/12) (You took it off a deep elf death mage on level 3 of the Elven Halls)
 64800 | Lair:1   | Identified a cursed +0 rod of the swarm (14/14) (You took it off a deep elf annihilator on level 3 of the Elven Halls)
 64954 | Crypt:1  | Entered Level 1 of the Crypt
 64985 | Crypt:1  | Learned a level 3 spell: Ozocubu's Armour
 65108 | Crypt:1  | Received a gift from Nemelex Xobeh
 65193 | Crypt:1  | Received a gift from Nemelex Xobeh
 65699 | Crypt:1  | Reached skill level 18 in Unarmed Combat
 65730 | Crypt:1  | Found a basalt altar of Yredelemnul.
 66181 | Crypt:2  | Received a gift from Nemelex Xobeh
 67182 | Crypt:3  | Received a gift from Nemelex Xobeh
 67254 | Crypt:3  | Reached XP level 25. HP: 244/249 MP: 27/27
 67289 | Crypt:3  | Found a staircase to the Tomb.
 67442 | Crypt:3  | Reached skill level 10 in Armour
 67855 | Crypt:4  | Noticed Jory
 67883 | Crypt:4  | Killed Jory
 67883 | Crypt:4  | Received a gift from Nemelex Xobeh
 67959 | Crypt:4  | Reached skill level 19 in Unarmed Combat
 68614 | Crypt:4  | Received a gift from Nemelex Xobeh
 68846 | Crypt:4  | Received a gift from Nemelex Xobeh
 69160 | Crypt:5  | Entered Level 5 of the Crypt
 69841 | Crypt:5  | Found an ancient bone altar of Kikubaaqudgha.
 69846 | Crypt:5  | Received a gift from Nemelex Xobeh
 69877 | Crypt:5  | Noticed an ancient lich
 69884 | Crypt:5  | Received a gift from Nemelex Xobeh
 69904 | Crypt:5  | Killed an ancient lich
 70188 | Crypt:5  | Received a gift from Nemelex Xobeh
 70396 | Crypt:5  | Reached skill level 20 in Unarmed Combat
 70425 | Crypt:5  | HP: 7/252 [red devil/demon trident of freezing (13)]
 70435 | Crypt:5  | Killed from afar by a hell knight

Action                   |  1- 3 |  4- 6 |  7- 9 | 10-12 | 13-15 | 16-18 | 19-21 | 22-24 | 25-27 || total
-------------------------+-------+-------+-------+-------+-------+-------+-------+-------+-------++-------
Melee: Unarmed           |   100 |   183 |   486 |   989 |   519 |  1969 |  2144 |  1738 |   607 ||  8735
 Fire: Blowgun           |       |       |    32 |     2 |       |       |       |       |       ||    34
Throw: Javelin           |       |     1 |     3 |     7 |     9 |     3 |       |       |       ||    23
       Tomahawk          |       |       |     3 |       |       |       |       |       |       ||     3
       Large rock        |       |       |       |       |       |    12 |    20 |    10 |     3 ||    45
 Cast: Stoneskin         |       |       |       |       |       |     1 |     5 |       |       ||     6
Invok: Peek at Two       |       |       |       |     5 |     5 |    23 |    21 |    29 |     5 ||    88
       Draw One          |       |       |       |     6 |    10 |    13 |    36 |    24 |     5 ||    94
       Triple Draw       |       |       |       |     4 |     2 |     1 |    12 |    11 |     1 ||    31
 Abil: End Transformatio |       |       |       |       |       |       |     1 |     1 |       ||     2
       Breathe Fire      |       |       |       |       |       |       |     1 |       |       ||     1
Evoke: Wand              |       |     4 |    12 |    24 |     8 |    12 |    13 |     8 |     1 ||    82
       Deck              |       |       |     5 |    42 |    24 |    93 |    87 |    94 |    38 ||   383
       Lamp of fire      |       |       |       |     1 |     3 |       |     3 |     2 |     1 ||    10
       Fan of gales      |       |       |       |       |     1 |       |       |     1 |     1 ||     3
       Phial of floods   |       |       |       |       |       |       |       |     3 |       ||     3
       Rod               |       |       |       |       |       |       |       |     2 |       ||     2
       Box of beasts     |       |       |       |       |       |       |       |     1 |       ||     1
  Use: Scroll            |       |     8 |    15 |    19 |     4 |     6 |    22 |     7 |     5 ||    86
       Potion            |       |     1 |     2 |    12 |     4 |    13 |     8 |     6 |     5 ||    51
 Stab: Sleeping          |       |       |     1 |     3 |     1 |     1 |     1 |       |       ||     7
       Distracted        |       |       |       |     3 |     1 |     3 |     5 |     6 |       ||    18
       Fleeing           |       |       |       |       |     1 |       |       |       |       ||     1
       Invisible         |       |       |       |       |       |       |       |     2 |       ||     2
